 Dungeon Crawl Stone Soup version 0.24.1-1-gd1d2a07e1b (webtiles) character file.

Game seed: 15926490880223084150, levelgen mode: deterministic

7190 Chiseanne the Thrower (level 11, 0/86 HPs)
             Began as a Gnoll Hunter on Apr 11, 2020.
             Was an Initiate of Gozag.
             Slain by a hornet zombie (11 damage)
             ... on level 10 of the Dungeon.
             The game lasted 00:28:07 (9175 turns).

Chiseanne the Thrower (Gnoll Hunter)                Turns: 9175, Time: 00:28:07

Health: 0/86       AC: 10    Str: 16    XL:     11   Next: 11%
Magic:  20/20      EV: 16    Int: 15    God:    Gozag
Gold:   800        SH:  0    Dex: 19    Spells: 9/22 levels left

rFire    + . .     SeeInvis .   a - +2 scythe (venom)
rCold    . . .     Gourm    .   (shield currently unavailable)
rNeg     . . .     Faith    .   n - +1 ring mail of Veat {Dex+3}
rPois    +         Spirit   .   I - +1 helmet
rElec    .         Reflect  .   y - scarf {repulsion}
rCorr    .         Harm     .   (no gloves)
MR       .....                  w - +0 pair of boots
Stlth    +++.......             F - amulet of rage
HPRegen  0.24/turn              b - ring of protection from fire
MPRegen  0.17/turn              h - ring of poison resistance

@: repel missiles
A: distributed training, fangs 1, strong nose
a: Potion Petition, Call Merchant, Bribe Branch, Renounce Religion, Evoke
Berserk Rage


You were on level 10 of the Dungeon.
You worshipped Gozag.
Gozag was pleased with you.
You were full.

You visited 2 branches of the dungeon, and saw 11 of its levels.

You collected 1183 gold pieces.
You spent 288 gold pieces at shops.
You paid 95 gold pieces to Gozag.

Inventory:

Hand Weapons
 a - a +2 scythe of venom (weapon)
 q - a +1 hand axe of holy wrath
 E - a +2 whip of flaming
 V - a +0 falchion of flaming
Missiles
 c - 3 boomerangs (quivered)
 d - 2 throwing nets {!*}
 e - 273 stones
 g - 4 boomerangs of dispersal {!*}
 i - 247 arrows
 k - 61 poisoned darts
 m - 79 sling bullets
 K - 80 bolts
 W - 3 atropa-tipped darts
Armour
 j - a +2 robe of cold resistance
 n - the +1 ring mail of Veat (worn) {Dex+3}
   (You bought it in a shop on level 7 of the Dungeon)

   It affects your dexterity (+3).
 o - a +0 shield
 w - a +0 pair of boots (worn)
 y - a scarf of repulsion (worn)
 I - a +1 helmet (worn)
Magical Staves
 J - an uncursed staff of earth {unknown}
Jewellery
 b - a ring of protection from fire (left hand)
 h - a ring of poison resistance (right hand)
 l - an uncursed ring of magical power
 F - an amulet of rage (around neck)
Wands
 t - a wand of random effects (26)
 z - a wand of polymorph (20)
 L - a wand of iceblast (19)
 N - a wand of acid (4)
 T - a wand of flame (43)
Scrolls
 r - 3 scrolls of amnesia
 s - a scroll of immolation
 B - 6 scrolls of teleportation
 C - 2 scrolls of magic mapping
 H - a scroll of enchant armour
 M - 2 scrolls of remove curse
 P - a scroll of blinking
Potions
 p - a potion of flight
 u - a potion of cancellation
 v - 3 potions of mutation
 x - 3 potions of curing
 A - 4 potions of heal wounds
 D - a potion of might
 G - a potion of haste {unknown}
 Q - a potion of agility
 R - 3 potions of resistance
 S - a potion of magic {unknown}
 U - a potion of berserk rage {unknown}
Comestibles
 f - 23 rations


   Skills:
 + Level 7.9 Fighting
 + Level 6.3 Short Blades
 + Level 6.3 Long Blades
 + Level 6.3 Axes
 + Level 6.3 Maces & Flails
 + Level 6.3 Polearms
 + Level 6.3 Staves
 + Level 6.3 Slings
 + Level 6.3 Bows
 + Level 6.3 Crossbows
 + Level 10.5 Throwing
 + Level 6.3 Armour
 + Level 7.9 Dodging
 + Level 6.8 Stealth
 + Level 6.3 Shields
 + Level 6.3 Unarmed Combat
 + Level 6.3 Spellcasting
 + Level 5.2 Conjurations
 + Level 5.2 Hexes
 + Level 5.2 Charms
 + Level 5.2 Summonings
 + Level 5.2 Necromancy
 + Level 5.2 Translocations
 + Level 5.2 Transmutations
 + Level 5.2 Fire Magic
 + Level 5.2 Ice Magic
 + Level 5.2 Air Magic
 + Level 5.2 Earth Magic
 + Level 5.2 Poison Magic
 + Level 6.9 Invocations
 + Level 6.3 Evocations


You had 9 spell levels left.
You knew the following spells:

 Your Spells              Type           Power        Failure   Level  Hunger
a - Blink                 Tloc           N/A          4%          2    #......
b - Ensorcelled Hibernat  Hex/Ice        ###...       4%          2    #......
c - Confuse               Hex            ###.....     9%          3    ##.....
d - Mephitic Cloud        Conj/Pois/Air  ###.....     9%          3    ##.....
e - Tukima's Dance        Hex            ###.....     9%          3    ##.....

Your spell library contained the following spells:

 Spells                   Type           Power        Failure   Level  Hunger
 Animate Skeleton         Necr           N/A          3%          1    None
 Apportation              Tloc           ###...       3%          1    None
 Confusing Touch          Hex            ###...       3%          1    None
 Corona                   Hex            ###....      3%          1    None
 Magic Dart               Conj           ###.         3%          1    None
 Summon Small Mammal      Summ           ###.         3%          1    None
 Call Imp                 Summ           ###.....     4%          2    #......
 Slow                     Hex            ###.....     4%          2    #......
 Conjure Flame            Conj/Fire      ###.....     9%          3    ##.....
 Dazzling Spray           Conj/Hex       ###...       9%          3    ##.....


Dungeon Overview and Level Annotations

Branches:
Dungeon (10/15)            Temple (1/1) D:6             Orc (0/2) D:9
   Lair: D:8-11

Altars:
Ashenzari
Cheibriados
Dithmenos
Elyvilon
Fedhas
Gozag
Hepliaklqana
Kikubaaqudgha
Makhleb
Nemelex Xobeh
Okawaru
Qazlal
Ru
Sif Muna
Trog
Uskayaw
Vehumet
Wu Jian
Xom
Yredelemnul
Zin
The Shining One

Shops:
D:7 [


Innate Abilities, Weirdness & Mutations

Your experience applies equally to all skills.
You have very sharp teeth.
Your uncanny sense of smell can sniff out nearby items.


Message History

The hornet zombie is almost destroyed.
The hornet zombie completely misses you.
The hornet zombie hits you!
You closely miss the hornet zombie.
The hornet zombie is almost destroyed.
The hornet zombie hits you but does no damage.
The hornet zombie hits you.
You closely miss the hornet zombie.
The hornet zombie is almost destroyed.
The hornet zombie hits you.
* * * LOW HITPOINT WARNING * * *
The hornet zombie hits you!
* * * LOW HITPOINT WARNING * * *
You barely miss the hornet zombie.
The hornet zombie is almost destroyed.
The hornet zombie hits you.
* * * LOW HITPOINT WARNING * * *
The hornet zombie hits you!
You die...
Your body crumbles into a pile of gold.

#.............#
#............## #
#########...........#∆
..#.$...####.....#....#
............).....#.###
.?..................#
...>..............###
...........<......#
.%.....@..........####
.....(.Z.........<......
.....$...($.<.....######
.............(....#
..#.....#.....(#### #
#######......# ........#
.###.....# # #.....#


You could see a hornet zombie.

Vanquished Creatures
  A hydra (D:9)
  Pikel (D:6)
  Grinder (D:4)
  3 dream sheep
  Sigmund (D:2)
  A hungry ghost (D:8)
  2 yaks (D:9)
  A water moccasin (D:10)
  3 ice beasts
  3 sky beasts
  A slave (D:6)
  A necrophage (D:9)
  3 phantoms
  An eye of draining (D:9)
  5 centaurs
  3 ogres
  4 big kobolds
  Blork the orc (D:6)
  A wyvern zombie (D:9)
  5 bullfrogs
  3 scorpions
  A wyvern skeleton (D:9)
  3 howler monkeys
  4 crimson imps
  A centaur zombie (D:5)
  2 bullfrog zombies
  A jelly (D:6)
  5 orc wizards
  2 quasits
  An orc priest (D:5)
  5 hounds
  A bullfrog skeleton (D:5)
  Terence (D:2)
  2 centaur skeletons (D:7)
  An iguana (D:4)
  4 worker ants
  A hound zombie (D:8)
  A hound skeleton (D:5)
  A howler monkey zombie (D:5)
  3 worker ant zombies
  12 adders
  4 gnolls
  A shadow imp (D:7)
  2 oozes
  3 adder skeletons
  A worm (D:6)
  A dart slug (D:2)
  6 leopard geckos
  25 orcs
  2 ball pythons
  4 giant cockroaches
  5 goblins
  8 hobgoblins
  4 jackals
  5 quokkas
  11 bats
  6 frilled lizards
  A jackal zombie (D:5)
  7 kobolds
  A leopard gecko skeleton (D:7)
  13 rats
207 creatures vanquished.

Vanquished Creatures (others)
  A hound (D:6)
1 creature vanquished.

Grand Total: 208 creatures vanquished

Notes
Turn   | Place    | Note
-------+----------+-------------------------------------------
     0 | D:1      | Chiseanne the Gnoll Hunter began the quest for the Orb.
     0 | D:1      | Reached XP level 1. HP: 20/20 MP: 1/1
   245 | D:1      | Reached XP level 2. HP: 21/26 MP: 2/2
   640 | D:1      | Reached XP level 3. HP: 29/31 MP: 3/3
  1266 | D:2      | Reached skill level 1 in Invocations
  1667 | D:2      | Found a shimmering blue altar of Sif Muna.
  1799 | D:2      | Reached skill level 1 in Short Blades
  1799 | D:2      | Reached skill level 1 in Long Blades
  1799 | D:2      | Reached skill level 1 in Axes
  1799 | D:2      | Reached skill level 1 in Maces & Flails
  1799 | D:2      | Reached skill level 1 in Polearms
  1799 | D:2      | Reached skill level 1 in Staves
  1799 | D:2      | Reached skill level 1 in Slings
  1799 | D:2      | Reached skill level 1 in Bows
  1799 | D:2      | Reached skill level 1 in Crossbows
  1799 | D:2      | Reached skill level 1 in Armour
  1799 | D:2      | Reached skill level 1 in Shields
  1799 | D:2      | Reached skill level 1 in Unarmed Combat
  1799 | D:2      | Reached skill level 1 in Spellcasting
  1799 | D:2      | Reached skill level 1 in Evocations
  1799 | D:2      | Reached XP level 4. HP: 38/38 MP: 5/5
  1986 | D:2      | Noticed Sigmund
  2003 | D:2      | Killed Sigmund
  2003 | D:2      | Reached skill level 1 in Conjurations
  2003 | D:2      | Reached skill level 1 in Hexes
  2003 | D:2      | Reached skill level 1 in Charms
  2003 | D:2      | Reached skill level 1 in Summonings
  2003 | D:2      | Reached skill level 1 in Necromancy
  2003 | D:2      | Reached skill level 1 in Translocations
  2003 | D:2      | Reached skill level 1 in Transmutations
  2003 | D:2      | Reached skill level 1 in Fire Magic
  2003 | D:2      | Reached skill level 1 in Ice Magic
  2003 | D:2      | Reached skill level 1 in Air Magic
  2003 | D:2      | Reached skill level 1 in Earth Magic
  2003 | D:2      | Reached skill level 1 in Poison Magic
  2003 | D:2      | Reached XP level 5. HP: 29/43 MP: 7/7
  2003 | D:2      | Reached XP level 6. HP: 34/50 MP: 8/8
  2159 | D:2      | Noticed Terence
  2164 | D:2      | Killed Terence
  2435 | D:3      | Found a shimmering blue altar of Sif Muna.
  2499 | D:3      | Learned a level 2 spell: Blink
  2546 | D:3      | Found a hazy altar of Hepliaklqana.
  2546 | D:3      | Found a shattered altar of Ashenzari.
  2547 | D:3      | Found a sacrificial altar of Ru.
  2732 | D:3      | Reached skill level 5 in Fighting
  2732 | D:3      | Reached skill level 5 in Dodging
  3178 | D:4      | Noticed Grinder
  3464 | D:4      | Paralysed by Grinder for 6 turns
  3472 | D:4      | Paralysed by Grinder for 4 turns
  3478 | D:4      | Killed Grinder
  3478 | D:4      | Reached XP level 7. HP: 42/56 MP: 10/10
  4014 | D:4      | Reached skill level 9 in Throwing
  4028 | D:4      | Reached skill level 5 in Short Blades
  4028 | D:4      | Reached skill level 5 in Long Blades
  4028 | D:4      | Reached skill level 5 in Axes
  4028 | D:4      | Reached skill level 5 in Maces & Flails
  4028 | D:4      | Reached skill level 5 in Polearms
  4028 | D:4      | Reached skill level 5 in Staves
  4028 | D:4      | Reached skill level 5 in Slings
  4028 | D:4      | Reached skill level 5 in Bows
  4028 | D:4      | Reached skill level 5 in Crossbows
  4028 | D:4      | Reached skill level 5 in Armour
  4028 | D:4      | Reached skill level 5 in Stealth
  4028 | D:4      | Reached skill level 5 in Shields
  4028 | D:4      | Reached skill level 5 in Unarmed Combat
  4028 | D:4      | Reached skill level 5 in Spellcasting
  4028 | D:4      | Reached skill level 5 in Invocations
  4028 | D:4      | Reached skill level 5 in Evocations
  4028 | D:4      | Reached XP level 8. HP: 58/65 MP: 10/15
  4043 | D:4      | Reached skill level 10 in Throwing
  4172 | D:5      | Entered Level 5 of the Dungeon
  4414 | D:5      | Reached XP level 9. HP: 67/72 MP: 16/16
  4418 | D:5      | Found an iron altar of Okawaru.
  5309 | D:6      | Noticed Pikel
  5317 | D:6      | Killed Pikel
  5329 | D:6      | Found a staircase to the Ecumenical Temple.
  5341 | Temple   | Entered the Ecumenical Temple
  5622 | Temple   | Became a worshipper of Gozag Ym Sagoz the Greedy
  5742 | D:6      | Noticed Blork the orc
  5842 | D:6      | Killed Blork the orc
  5873 | D:6      | Found a radiant altar of Vehumet.
  6283 | D:6      | Noticed a moth of wrath
  6286 | D:6      | Found a bloodstained altar of Trog.
  6456 | D:7      | Found Pergh's Antique Armour Shoppe.
  6462 | D:7      | Bought a faintly glowing ring mail for 288 gold pieces
  6463 | D:7      | Identified the +1 ring mail of Veat {Dex+3} (You bought it
                  | in a shop on level 7 of the Dungeon)
  6516 | D:7      | Reached XP level 10. HP: 77/79 MP: 18/18
  6574 | D:7      | Found a glowing golden altar of the Shining One.
  7347 | D:8      | Found a sparkling altar of Nemelex Xobeh.
  7542 | D:8      | Noticed a two-headed ogre
  7543 | D:8      | a two-headed ogre changed into a dream sheep
  8247 | D:9      | Noticed a stone giant
  8304 | D:9      | Reached skill level 5 in Conjurations
  8304 | D:9      | Reached skill level 5 in Hexes
  8304 | D:9      | Reached skill level 5 in Charms
  8304 | D:9      | Reached skill level 5 in Summonings
  8304 | D:9      | Reached skill level 5 in Necromancy
  8304 | D:9      | Reached skill level 5 in Translocations
  8304 | D:9      | Reached skill level 5 in Transmutations
  8304 | D:9      | Reached skill level 5 in Fire Magic
  8304 | D:9      | Reached skill level 5 in Ice Magic
  8304 | D:9      | Reached skill level 5 in Air Magic
  8304 | D:9      | Reached skill level 5 in Earth Magic
  8304 | D:9      | Reached skill level 5 in Poison Magic
  8441 | D:9      | Found a staircase to the Orcish Mines.
  8468 | D:9      | Learned a level 2 spell: Ensorcelled Hibernation
  8472 | D:9      | Learned a level 3 spell: Confuse
  8476 | D:9      | Learned a level 3 spell: Mephitic Cloud
  8480 | D:9      | Learned a level 3 spell: Tukima's Dance
  8757 | D:9      | Noticed a three-headed hydra
  8763 | D:9      | Killed a one-headed hydra
  8763 | D:9      | Reached XP level 11. HP: 86/86 MP: 20/20
  9072 | D:10     | Entered Level 10 of the Dungeon
  9175 | D:10     | Slain by a hornet zombie

Levels and vault maps discovered:
D:1:      dpeg_arrival_leaves_temple_mockup, layout_basic
D:2:      layout_loops_ring, old_standard_altar, uniq_terence, uniq_sigmund
D:3:      minmay_thinvault, layout_rooms, gammafunk_temple_overflow_claw,
          lemuel_statue_altar
D:4:      layout_basic, first_ration, minmay_divided_ellipse, uniq_grinder
D:5:      layout_basic, lemuel_crystal_altar, minmay_chambers_of_fives
D:6:      layout_loops_cross, vehumet_crystals, tgw_trog,
          minmay_temple_entry_waves, minmay_crystal_water,
          kennysheep_generic_room_16, uniq_blork_the_orc, uniq_pikel
D:7:      layout_loops_ring, kennysheep_mini_moat, serial_shops,
          nicolae_shop_crystal
D:8:      layout_loops_corners, nemelex_xobeh_ov_fountains_minmay
D:9:      layout_cave_pools, hangedman_ranch [blue_anna_fruit_fields],
          kennysheep_island_fort
D:10:     minmay_recursive_quarters, layout_rooms, lair_entry_dummy,
          gammafunk_ghost_cemetery, grunt_decor_clamped, minmay_misc_feat_alley
Temple:   oiseaux_autumnal_temple

Skill      XL: |  1  2  3  4  5  6  7  8  9 10 |
---------------+-------------------------------+-----
Invocations    | 1 2 5 6 |  6.9
Short Blades   | 1 2 5 6 |  6.3
Long Blades    | 1 2 5 6 |  6.3
Axes           | 1 2 5 6 |  6.3
Maces & Flails | 1 2 5 6 |  6.3
Polearms       | 1 2 5 6 |  6.3
Staves         | 1 2 5 6 |  6.3
Slings         | 1 2 5 6 |  6.3
Bows           | 1 2 5 6 |  6.3
Crossbows      | 1 2 5 6 |  6.3
Armour         | 1 2 5 6 |  6.3
Shields        | 1 2 5 6 |  6.3
Unarmed Combat | 1 2 5 6 |  6.3
Spellcasting   | 1 2 5 6 |  6.3
Evocations     | 1 2 5 6 |  6.3
Conjurations   | 1 4 5 |  5.2
Hexes          | 1 4 5 |  5.2
Charms         | 1 4 5 |  5.2
Summonings     | 1 4 5 |  5.2
Necromancy     | 1 4 5 |  5.2
Translocations | 1 4 5 |  5.2
Transmutations | 1 4 5 |  5.2
Fire Magic     | 1 4 5 |  5.2
Ice Magic      | 1 4 5 |  5.2
Air Magic      | 1 4 5 |  5.2
Earth Magic    | 1 4 5 |  5.2
Poison Magic   | 1 4 5 |  5.2
Stealth        | 3 5 6 |  6.8
Fighting       | 5 6 7 |  7.9
Dodging        | 5 6 7 |  7.9
Throwing       | 9 10 | 10.5

Action                   |  1- 3 |  4- 6 |  7- 9 | 10-12 || total
-------------------------+-------+-------+-------+-------++-------
Melee: Short sword       |   103 |       |       |       ||   103
       Bite              |     9 |    13 |    12 |    33 ||    67
       Quarterstaff      |    12 |    17 |       |       ||    29
       Scythe            |       |    97 |   158 |   188 ||   443
       Falchion          |       |       |       |    13 ||    13
Throw: Javelin           |     2 |    14 |    28 |    28 ||    72
       Throwing net      |       |     2 |     1 |       ||     3
       Stone             |       |       |    14 |       ||    14
       Dart              |       |       |    10 |       ||    10
       Boomerang         |       |       |       |    22 ||    22
Evoke: Wand              |       |     3 |     4 |     4 ||    11
  Use: Scroll            |     5 |     8 |     9 |     3 ||    25
       Potion            |       |     4 |     1 |     1 ||     6
 Stab: Sleeping          |     8 |     2 |     6 |     5 ||    21
       Distracted        |       |       |     1 |     4 ||     5
  Eat: Chunk             |     3 |     5 |     7 |       ||    15
       Ration            |       |       |     2 |     5 ||     7
Armor: Leather armour    |    24 |       |       |       ||    24
       Ring mail         |     4 |    72 |    77 |   106 ||   259
Dodge: Dodged            |    86 |   109 |   148 |   274 ||   617
       Deflected         |       |       |     8 |     2 ||    10
Block: Shield            |       |       |       |     5 ||     5
       Rpst.: Falchion   |       |       |       |     1 ||     1
